 Dungeon Crawl Stone Soup version 0.26-a0-667-g92642533e4 (webtiles) character file.

Game seed: 1202430201159837803

5049 Notrik the Fighter (level 10, -1/103 HPs)
             Began as a Minotaur Berserker on Oct 16, 2020.
             Was an Elder of Trog.
             Slain by a killer bee (5 damage)
             ... on level 8 of the Dungeon.
             The game lasted 00:15:08 (8838 turns).

Notrik the Fighter (Minotaur Berserker)             Turns: 8838, Time: 00:15:09

Health: -1/103     AC: 21    Str: 24    XL:     10   Next: 30%
Magic:  0/9        EV:  9    Int:  4    God:    Trog [****..]
Gold:   445        SH:  8    Dex: 11    Spells: 9/9 levels left

rFire    . . .     SeeInvis .   c - +2 mace (protect)
rCold    + . .     Faith    .   (no shield)
rNeg     . . .     Spirit   +   p - +0 chain mail {rC+}
rPois    .         Reflect  .   (helmet restricted)
rElec    .         Harm     .   (no cloak)
rCorr    .         Rampage  .   H - +2 pair of gloves
MR       ++...                  (no boots)
Stlth    ..........             w - brooch of Shielding {Spirit SH+8}
HPRegen  1.27/turn              (no ring)
MPRegen  0.11/turn              (no ring)

@: lethally poisoned (-1 -> -2), liquid flames, protection aura, regenerating
(expiring), glowing, studying 2 skills
A: retaliatory headbutt, horns 2
a: Berserk, Trog's Hand, Brothers in Arms, Renounce Religion


You were on level 8 of the Dungeon.
You worshipped Trog.
Trog was greatly pleased with you.
You visited 1 branch of the dungeon, and saw 8 of its levels.

You collected 445 gold pieces.

Inventory:

Hand Weapons
 c - a +2 mace of protection (weapon)
   (You took it off an orc on level 8 of the Dungeon)
 s - a +0 flail of venom
   (You took it off an orc on level 4 of the Dungeon)
Missiles
 E - 4 throwing nets (quivered) {!f}
Armour
 p - a +0 chain mail of cold resistance (worn)
   (You took it off an orc on level 3 of the Dungeon)
 H - a +2 pair of gloves (worn)
   (You found it on level 8 of the Dungeon)
Jewellery
 w - the brooch of Shielding (around neck) {Spirit SH+8}
   (You found it on level 5 of the Dungeon)

   [amulet of guardian spirit]

   It causes incoming damage to be split between your health and magic.
   It affects your SH (+8).
 A - a +6 ring of intelligence {unknown}
   (You found it on level 6 of the Dungeon)
 B - an uncursed amulet of magic regeneration {unknown}
   (You found it on level 6 of the Dungeon)
 F - an uncursed amulet of reflection
   (You found it on level 8 of the Dungeon)
Wands
 t - a wand of flame (23)
   (You found it on level 2 of the Dungeon)
Scrolls
 a - 2 scrolls of enchant weapon {unknown}
 b - a scroll of fog {unknown}
 g - 4 scrolls of teleportation {@r4}
 j - 2 scrolls of enchant armour {unknown}
 l - 3 scrolls of blinking
 n - a scroll of magic mapping {unknown}
 o - 3 scrolls of fear {unknown}
 q - a scroll of random uselessness {unknown}
 u - a scroll of silence {unknown}
 v - 2 scrolls of remove curse {unknown}
 x - a scroll of immolation {unknown}
 y - a scroll of brand weapon {unknown}
 z - a scroll of acquirement {unknown}
Potions
 e - a potion of degeneration {!q}
 f - 3 potions of berserk rage
 h - 2 potions of heal wounds {@q2}
 k - a potion of ambrosia
 m - a potion of might
 r - 2 potions of lignification {!q}
 D - a potion of brilliance
Books
 C - a manual of Evocations {!d}
   (You found it on level 7 of the Dungeon)
 G - a manual of Fighting {!d}
   (You found it on level 8 of the Dungeon)


   Skills:
 * Level 14.1 Fighting
 + Level 8.3 Maces & Flails
 + Level 7.8 Armour
 - Level 2.1 Dodging
 + Level 5.5 Evocations


You had 9 spell levels left.
You didn't know any spells.
Your spell library was empty.

Dungeon Overview and Level Annotations

Branches:
Dungeon (8/15)             Temple (0/1) D:7
   Lair: D:8-11

Altars:
Ashenzari
Cheibriados
Dithmenos
Hepliaklqana
Okawaru
Ru
Trog
Uskayaw
Wu Jian
Xom

Shops:
D:5 :

Annotations:
D:8 1 transporter, Elric's ghost, novice GrFE


Innate Abilities, Weirdness & Mutations

You reflexively headbutt those who attack you in melee.
You have a pair of horns on your head.


Message History

The killer bee rages.
The killer bee stings you but does no damage.
The killer bee barely misses you. You block the queen bee's attack.
You hear an angry buzzing noise.
Your skin crawls.
You feel resistant to hostile enchantments.
You are covered in liquid flames!
* * * LOW HITPOINT WARNING * * *
You feel very sick. You block the killer bee's attack.
The killer bee stings you!
* * * LOW HITPOINT WARNING * * *
The killer bee closely misses you. The queen bee stings you!
* * * LOW HITPOINT WARNING * * *
You are more poisoned.
The queen bee poisons you!
You feel better.
You are covered in liquid flames!
* * * LOW HITPOINT WARNING * * *
The killer bee stings you but does no damage.
The killer bee stings you.
* * * LOW HITPOINT WARNING * * *
You block the killer bee's attack. The queen bee stings you!
* * * LOW HITPOINT WARNING * * *
You are lethally poisoned!
The queen bee poisons you!
You feel much better.
You are covered in liquid flames!
* * * LOW HITPOINT WARNING * * *
You feel sick. The killer bee stings you.
* * * LOW HITPOINT WARNING * * *
The killer bee closely misses you. x2; You furiously retaliate!
You headbutt the killer bee, but do no damage.
The queen bee barely misses you.
You hit the queen bee.
Your weapon exudes an aura of protection.
Your headbutt misses the queen bee.
You are covered in liquid flames!
* * * LOW HITPOINT WARNING * * *
You feel sick. The killer bee barely misses you.
You block the killer bee's attack.
The killer bee stings you but does no damage.
You block the queen bee's attack.
You hit the queen bee but do no damage.
You are covered in liquid flames!
* * * LOW HITPOINT WARNING * * *
You feel the effects of Trog's Hand fading.
You feel sick. The killer bee barely misses you. You furiously retaliate!
You headbutt the killer bee! You block the killer bee's attack.
The killer bee stings you.
You die...

...............###.###y###..#
..#.###.######.##...#...##..#
.##.# #.# #.##.#.#.#y##.(#
###.# #.# #.##...#...##..# #
#.# #.# #.#.#.#.#.#y#..# #
#.# #.# ##.#y.#...#.$#..# #
#.# #.# #.©#Wy#.#.#.©#©.# #
#.# #.#####..#yy#...#.?#.##
#.# #........#@#.#.#.#?#.#
#.# ########.##...#...##.#
#.# #.####.#.#.##.# ###.#
#.##...#..!##.# ....#
#.###y###.###.# #.###
#..#########..# #.#
#...###.###..## #.#
#...........## #.#
#.......#####


You could see a queen bee, 3 killer bees and Elric's ghost.

Vanquished Creatures
  Harold (D:7)
  A two-headed ogre (D:8)
  4 yaks (D:5)
  A water moccasin (D:7)
  An orc warrior (D:8)
  An ice beast (D:7)
  2 phantoms
  2 sky beasts
  A black bear (D:8)
  An eye of draining (D:8)
  3 ogres
  3 centaurs (D:7)
  4 bullfrogs
  3 scorpions
  3 killer bees (D:8)
  4 wights (D:8)
  A howler monkey (D:6)
  2 bullfrog zombies
  3 hounds (D:5)
  2 jellies (D:7)
  3 centaur skeletons
  A gnoll shaman (D:5)
  4 orc priests
  Ijyb (D:2)
  Terence (D:3)
  7 worker ants
  An orc wizard (D:7)
  A hound skeleton (D:8)
  A worker ant zombie (D:8)
  11 adders
  9 gnolls (D:5)
  A hound simulacrum (D:8)
  4 white imps
  3 ufetubi
  An adder zombie (D:6)
  2 worms
  5 dart slugs
  8 leopard geckos
  25 orcs
  2 ball pythons (D:1)
  5 giant cockroaches
  14 goblins
  6 hobgoblins
  2 jackals (D:5)
  A quokka (D:5)
  7 bats
  3 frilled lizards
  A jackal skeleton (D:4)
  3 kobolds
  A leopard gecko skeleton (D:4)
  7 rats
184 creatures vanquished.

Notes
Turn   | Place    | Note
-------+----------+-------------------------------------------
     0 | D:1      | Notrik the Minotaur Berserker began the quest for the Orb.
     0 | D:1      | Reached XP level 1. HP: 19/19 MP: 0/0
   159 | D:1      | Reached skill level 4 in Fighting
   498 | D:1      | Reached XP level 2. HP: 28/28 MP: 1/1
   901 | D:1      | Reached skill level 5 in Fighting
   959 | D:1      | Reached XP level 3. HP: 28/36 MP: 2/2
  1047 | D:1      | Reached ** piety under Trog
  1568 | D:2      | Noticed Ijyb
  1587 | D:2      | Killed Ijyb
  1587 | D:2      | Reached skill level 6 in Fighting
  1587 | D:2      | Reached XP level 4. HP: 36/44 MP: 3/3
  1824 | D:2      | Found an iron altar of Okawaru.
  2266 | D:3      | Found a faded altar of an unknown god.
  2341 | D:3      | Reached *** piety under Trog
  2518 | D:3      | Reached XP level 5. HP: 49/51 MP: 4/4
  2599 | D:3      | Reached skill level 7 in Fighting
  2655 | D:3      | Noticed Terence
  2671 | D:3      | Killed Terence
  2863 | D:4      | Noticed an ogre
  2907 | D:4      | Killed an ogre
  2907 | D:4      | Reached skill level 8 in Fighting
  2907 | D:4      | Reached XP level 6. HP: 28/61 MP: 5/5
  3660 | D:4      | Reached skill level 9 in Fighting
  3850 | D:5      | Entered Level 5 of the Dungeon
  3872 | D:5      | Reached XP level 7. HP: 67/70 MP: 6/6
  3884 | D:5      | Found a broken altar of Ashenzari.
  3974 | D:5      | Found a snail-covered altar of Cheibriados.
  4152 | D:5      | Reached skill level 10 in Fighting
  4211 | D:5      | Found Wokhlor's Book Boutique.
  4370 | D:5      | Reached **** piety under Trog
  4580 | D:5      | Noticed a yak
  4580 | D:5      | Noticed a yak
  4580 | D:5      | Noticed a yak
  4581 | D:5      | Noticed a yak
  4586 | D:5      | Killed a yak
  4589 | D:5      | Killed a yak
  4589 | D:5      | Reached XP level 8. HP: 55/81 MP: 7/7
  4593 | D:5      | Reached skill level 11 in Fighting
  4593 | D:5      | Reached skill level 5 in Maces & Flails
  5104 | D:5      | Found the brooch of Shielding {Spirit SH+8}
  5396 | D:6      | Reached skill level 5 in Armour
  5781 | D:6      | Found a shadowy altar of Dithmenos.
  5781 | D:6      | Found a bloodstained altar of Trog.
  5781 | D:6      | Found a hide-covered altar of Uskayaw.
  6278 | D:7      | Reached skill level 12 in Fighting
  6511 | D:7      | Found a staircase to the Ecumenical Temple.
  6580 | D:7      | Reached XP level 9. HP: 83/90 MP: 8/8
  6608 | D:7      | Found a sacrificial altar of Ru.
  6628 | D:7      | Noticed Harold
  6649 | D:7      | Killed Harold
  7303 | D:7      | Found a hazy altar of Hepliaklqana.
  7304 | D:7      | Found a shimmering altar of Xom.
  7305 | D:7      | Noticed a spectral ugly thing
  7308 | D:7      | Reached skill level 13 in Fighting
  7652 | D:8      | Noticed a two-headed ogre
  7661 | D:8      | Killed a two-headed ogre
  7661 | D:8      | Reached XP level 10. HP: 64/101 MP: 5/9
  7934 | D:8      | Found a transporter.
  7934 | D:8      | Noticed Elric's ghost (novice GrFE)
  7938 | D:8      | Found a transporter.
  8015 | D:8      | Reached skill level 5 in Evocations
  8300 | D:8      | Found an ornate altar of the Wu Jian Council.
  8452 | D:8      | Reached skill level 14 in Fighting
  8835 | D:8      | HP: 3/103 [queen bee (10)]
  8838 | D:8      | Slain by a killer bee

Illustrated notes

Levels and vault maps discovered:
D:1:      dpeg_arrival_snail, layout_basic
D:2:      kennysheep_the_goblin_king, layout_loops_corners,
          kennysheep_nondescript, okawaru_gym_becter
D:3:      layout_rooms, chequers_ecumenical_altar_island, uniq_terence
D:4:      layout_basic
D:5:      layout_loops_ring, overflow_temple_1_default, evilmike_ruin_ashenzari,
          serial_shops, shop, cheibrodos_sewer_entry_bend, cheibrodos_gnoll_hut
D:6:      kennysheep_spiral_hall, layout_basic,
          chequers_temple_overflow_statue_of_worship
D:7:      layout_basic, regret_index_temple_of_mockery, lemuel_round_altar,
          minmay_temple_entry_glass, minmay_manual_mares, uniq_harold
D:8:      layout_loops_ring, lemuel_crystal_altar, gammafunk_ghost_hive,
          kennysheep_decorative_pillar, minmay_door_square,
          kennysheep_just_a_vault

Skill      XL: |  1  2  3  4  5  6  7  8  9 10 |
---------------+-------------------------------+-----
Fighting       | 4 5 6 8 9 10 12 13 14 | 14.1
Maces & Flails | 4 6 7 8 |  8.3
Armour         | 4 5 7 |  7.8
Evocations     | 4 5 |  5.5
Dodging        | |  2.1

Action                   |  1- 3 |  4- 6 |  7- 9 | 10-12 || total
-------------------------+-------+-------+-------+-------++-------
Melee: Mace              |    74 |     5 |       |    17 ||    96
       Headbutt          |     9 |    29 |    51 |    29 ||   118
       Dagger            |       |    79 |       |       ||    79
       Hand axe          |       |    37 |       |       ||    37
       Flail             |       |    19 |   221 |    81 ||   321
Invok: Berserk           |     1 |       |     1 |       ||     2
       Trog's Hand       |       |       |     1 |     1 ||     2
  Use: Scroll            |       |     3 |       |     8 ||    11
       Potion            |       |       |       |     2 ||     2
Armor: Animal skin       |     6 |       |       |       ||     6
       Scale mail        |    20 |    26 |       |       ||    46
       Chain mail        |       |    40 |   129 |    54 ||   223
Dodge: Dodged            |    47 |    69 |    85 |    42 ||   243
Block: Other             |       |       |    18 |    46 ||    64

Table legend: (Time is in decaauts)
 A = Elapsed time spent in this place.
 B = Non-inter-level travel time spent in this place.
 C = Inter-level travel time spent in this place.
 D = Time resting spent in this place.
 E = Time spent auto-exploring this place.
 F = Levels seen in this place.
 G = Mean time per level.
                   A        B        C        D        E       F      G
               +--------+--------+--------+--------+--------+-----+--------+
         Total |   8918 |   8600 |    318 |   1246 |   5897 |   8 | 1114.8 |
       Dungeon |   8918 |   8600 |    318 |   1246 |   5897 |   8 | 1114.8 |
               +--------+--------+--------+--------+--------+-----+--------+

Top non-repeatable levels by time:
     D:7: 1479 daAuts
     D:5: 1460 daAuts
     D:1: 1284 daAuts
     D:8: 1196 daAuts
     D:2: 975 daAuts
     D:6: 880 daAuts
     D:3: 827 daAuts
     D:4: 814 daAuts
